 Dungeon Crawl Stone Soup version 0.23-a0-295-g2e428d4 (webtiles) character file.

53 KristoblXynda the Ruffian (level 3, -4/31 HPs)
             Began as a Troll Wizard on Oct 4, 2018.
             Slain by Terence
             ... wielding a +0 flail
              (10 damage)
             ... on level 2 of the Dungeon.
             The game lasted 00:01:56 (717 turns).

KristoblXynda the Ruffian (Troll Wizard)             Turns: 717, Time: 00:01:57

Health: -4/31      AC:  5    Str: 15    XL:     3   Next: 64%
Magic:  5/5        EV:  9    Int: 15    God:
Gold:   37         SH:  0    Dex:  8    Spells: 5/6 levels left

rFire    . . .     SeeInvis .     - Unarmed
rCold    . . .     Gourm    +   (no shield)
rNeg     + . .     Faith    .   a - +0 robe
rPois    .         Spirit   .   b - +0 hat
rElec    .         Reflect  .   (no cloak)
rCorr    .         Harm     .   (gloves unavailable)
MR       .....                  (boots unavailable)
Stlth    +.........             (no amulet)
HPRegen  0.50/turn              c - ring of positive energy
MPRegen  0.09/turn              (no ring)

@: flying
A: large, unfitting armour, claws 3, fast metabolism 3, gourmand, regeneration
1, shaggy fur 1, tough skin 2
a: no special abilities


You were on level 2 of the Dungeon.
You were completely stuffed.

You visited 1 branch of the dungeon, and saw 2 of its levels.

You collected 37 gold pieces.

Inventory:

Armour
 a - a +0 robe (worn)
 b - a +0 hat (worn)
Jewellery
 c - a ring of positive energy (left claw)
Scrolls
 e - 3 scrolls of identify {unknown}
 h - a scroll of fog {unknown}
 i - a scroll of immolation {unknown}
Potions
 g - a potion of flight
Comestibles
 d - 4 rations
 f - 2 chunks of flesh


   Skills:
 - Level 1.5 Dodging
 - Level 1.0 Stealth
 + Level 2.2 Unarmed Combat
 - Level 2.0 Spellcasting
 + Level 1.9 Conjurations
   Level 0.6 Summonings
   Level 0.6 Translocations


You had 5 spell levels left.
You knew the following spells:

 Your Spells              Type           Power        Failure   Level  Hunger
a - Magic Dart            Conj           #...         11%         1    #......

Your spell library contained the following spells:

 Spells                   Type           Power        Failure   Level  Hunger
 Blink                    Tloc           N/A          26%         2    ###....
 Call Imp                 Summ           #.......     26%         2    ###....
 Slow                     Hex            #.......     32%         2    ###....
 Conjure Flame            Conj/Fire      #.......     41%         3    ###....
 Mephitic Cloud           Conj/Pois/Air  #.......     45%         3    ###....


Dungeon Overview and Level Annotations

Branches:
Dungeon (2/15)

Altars:

Annotations:
D:2 Terence


Innate Abilities, Weirdness & Mutations

You are too large for most types of armour.
You have claws for hands.
Your metabolism is lightning-fast.
You like to eat raw meat.
Your natural rate of healing is unusually fast.
You are covered in fur. (AC +1)
You have very tough skin. (AC +2)


Message History

Terence is severely wounded.
Terence hits you with a flail!
* * * LOW HITPOINT WARNING * * *
You scratch Terence but do no damage.
Terence is severely wounded.
You closely miss Terence.
Terence is severely wounded.
Terence hits you with a flail.
* * * LOW HITPOINT WARNING * * *
It was a potion of flight.
You feel very buoyant.
You fly up into the air.
Terence hits you but does no damage.
You claw Terence!
Terence is almost dead.
Terence barely misses you.
You scratch Terence but do no damage.
Terence is almost dead.
Terence hits you but does no damage. Terence hits you with a flail!
You die...

#############
##...<.#.....##
##..รท...........
#......@........
#......@........
#........(......
##..........$...#
#...............#
#...............#
#...............#
#......##)####...
#......##.# ...


You could see Terence.

Vanquished Creatures
  An adder (D:2)
  A worm (D:2)
  2 leopard geckos (D:1)
  6 bats
  5 goblins
  5 hobgoblins
  8 jackals (D:1)
  2 frilled lizards
  A kobold (D:1)
  5 rats
36 creatures vanquished.

Notes
Turn   | Place    | Note
-------+----------+-------------------------------------------
     0 | D:1      | KristoblXynda the Troll Wizard began the quest for the Orb.
     0 | D:1      | Reached XP level 1. HP: 16/16 MP: 2/2
    68 | D:1      | Reached skill level 1 in Conjurations
    69 | D:1      | Reached skill level 1 in Unarmed Combat
    72 | D:1      | Reached XP level 2. HP: 17/24 MP: 4/4
   467 | D:1      | Reached XP level 3. HP: 27/31 MP: 5/5
   692 | D:2      | Noticed Terence
   707 | D:2      | HP: 1/31 [Terence/flail (3)]
   717 | D:2      | Slain by Terence

Vault maps used:
D:1:      eino_arrival_cavern_e, hex_large
D:2:      uniq_crazy_yiuf_cottage, uniq_terence

Skill      XL: |  1  2  3 |
---------------+----------+-----
Conjurations   | 1 |  1.9
Unarmed Combat | 1 2 |  2.2
Dodging        | |  1.5
Stealth        | |  1.0
Spellcasting   | |  2.0
Summonings     | |  0.6
Translocations | |  0.6

Action                   || total
-------------------------++-------
Melee: Unarmed           ||   135
  Use: Potion            ||     1
  Eat: Chunk             ||    12
Armor: Robe              ||    75
Dodge: Dodged            ||    79

Table legend:
 A = Non-vault XP
 B = Vault XP
 C = Vault XP percentage of total XP
 D = Non-vault monster count
 E = Vault monster count
 F = Vault count percentage of total count
                 A         B        C        D         E       F
            +---------+---------+-------+---------+---------+-------
      Total |      77 |       0 |   0.0 |      36 |       0 |   0.0
            +---------+---------+-------+---------+---------+-------
        D:1 |      51 |       0 |   0.0 |      28 |       0 |   0.0
        D:2 |      26 |       0 |   0.0 |       8 |       0 |   0.0
            +---------+---------+-------+---------+---------+-------
